 Dungeon Crawl Stone Soup version 0.31-a0-1589-g8f5e8aebd6 (webtiles) character file.

Game seed: 8617460219875059390

1973 Ofeo the Covert (level 9, 75/75 HPs)
             Began as a Red Draconian Brigand on Jan 6, 2024.
             Quit the game in the Ecumenical Temple.
             The game lasted 00:10:20 (7422 turns).

Ofeo the Covert (Red Draconian Brigand)             Turns: 7422, Time: 00:10:20

Health: 75/75      AC: 10    Str: 15    XL:     9   Next: 0%
Magic:  18/18      EV: 14    Int: 11    God:
Gold:   303        SH:  5    Dex: 16    Spells: 8/8 levels left

rFire   + . .        b - +0 scimitar
rCold   . . .        (no shield)
rNeg    . . .        (body armour unavailable)
rPois   .            (helmet restricted)
rElec   .            g - +1 cloak
rCorr   .            (no gloves)
SInv    .            w - +0 pair of boots
Will    .....        h - amulet of reflection
Stlth   ++++         p - ring of magical power
HPRegen 0.32/turn    t - +4 ring of slaying
MPRegen 0.16/turn

%: reflection
@: studying Stealth
A: breathe fire, AC +7, unfitting armour, fire resistance 1, cold-blooded
a: Breathe Fire


You were in the Ecumenical Temple.
You visited 2 branches of the dungeon, and saw 8 of its levels.

You collected 303 gold pieces.

Inventory:

Hand Weapons
 a - a +3 sling of draining
 b - a +0 scimitar (weapon)
Missiles
 c - 32 poisoned darts
 d - 3 curare-tipped darts
Armour
 g - a +1 cloak (worn)
 s - the +1 tower shield of Panentheism {Int+4}
   (You found it on level 4 of the Dungeon)

   Int+4:     It affects your intelligence (+4).
 w - a +0 pair of boots (worn)
Jewellery
 h - an amulet of reflection (around neck)
 p - a ring of magical power (left hand)
 t - a +4 ring of slaying (right hand)
 v - a ring of resist corrosion
Scrolls
 e - 2 scrolls of amnesia
 i - 2 scrolls of identify {@r1}
 k - 4 scrolls of teleportation {@r3}
 m - 3 scrolls of immolation
 o - a scroll of enchant weapon
 u - a scroll of vulnerability
Potions
 f - a potion of cancellation
 j - 2 potions of haste {unknown}
 l - 2 potions of lignification
 n - 4 potions of mutation
 q - 9 potions of curing {@q1}
 r - a potion of resistance {@q6}
 x - 3 potions of brilliance {unknown}
 z - a potion of might {unknown}


   Skills:
 + Level 6.1 Fighting
 - Level 2.3(3.9) Short Blades
 + Level 4.8(5.1) Long Blades
 + Level 5.0 Throwing
 + Level 4.7 Dodging
 + Level 8.0 Stealth


You had 8 spell levels left.
You didn't know any spells.
Your spell library contained the following spells:

 Spells                   Type           Power      Damage    Failure   Level
 Ensorcelled Hibernation  Hex/Ice        0%         N/A       47%         2
 Lesser Beckoning         Tloc           0%         N/A       47%         2
 Sublimation of Blood     Necr           0%         N/A       47%         2
 Fugue of the Fallen      Necr           0%         N/A       71%         3
 Gell's Gravitas          Tloc           0%         N/A       71%         3
 Teleport Other           Tloc           0%         N/A       71%         3
 Tukima's Dance           Hex            0%         N/A       71%         3
 Anguish                  Hex/Necr       0%         N/A       98%         4
 Passage of Golubria      Tloc           0%         N/A       98%         4
 Petrify                  Alch/Erth      0%         N/A       98%         4
 Irradiate                Conj/Alch      0%         3d11      100%        5
 Silence                  Hex/Air        0%         N/A       100%        5
 Yara's Violent Unravell  Hex/Alch       0%         3d3       100%        5
 Lehudib's Crystal Spear  Conj/Erth      0%         10d2      100%        8


Dungeon Overview and Level Annotations

Branches:
Dungeon (7/15)             Temple (1/1) D:7

Altars:
Ashenzari
Dithmenos
Elyvilon
Fedhas
Gozag
Hepliaklqana
Kikubaaqudgha
Makhleb
Nemelex Xobeh
Okawaru
Ru
Trog
Uskayaw
Vehumet
Wu Jian
Xom
Yredelemnul
Zin
The Shining One

Shops:
D:7 (


Innate Abilities, Weirdness & Mutations

You can breathe blasts of fire.
Your fiery red scales are hard. (AC +7)
You cannot fit into any form of body armour.
Your flesh is heat resistant. (rF+)
You are cold-blooded and may be slowed by cold attacks.


Message History

You open the door.
There is an open door here.
You open the door.
There is an open door here.
You open the door.
There is an open door here.
There is an open door here.
There is an open door here.
You see here an iguana skeleton.
You see here a +0 spear.
There is an open door here.
Found an ornate altar of the Wu Jian Council.
A malevolent force fills the Dungeon...
With a horrendous wail, an alarm goes off!
A sentinel's mark forms upon you.
You hear a shout!
Search for what [Enter for "aux", or ? for help]? alt You see here a +0 spear.
You open the door.
There is an open door here.
You see here a +0 pair of boots.
There is an open door here.
There is a staircase to the Ecumenical Temple here.
You climb downwards.
Welcome to the Ecumenical Temple!
Found a staircase back to the Dungeon.
There is a staircase back to the Dungeon here.
Search for what [Enter for "alt", or ? for help]? .
You climb upwards.
Welcome back to the Dungeon!
The sentinel's mark upon you fades away.
There is a staircase to the Ecumenical Temple here.
You climb downwards.
Welcome back to the Ecumenical Temple!
There is a staircase back to the Dungeon here.
Search for what [Enter for "."]? .
Search for what [Enter for "."]? alt
There is a hide-covered altar of Uskayaw here.
There is a hide-covered altar of Uskayaw here.
You kneel at the altar of Uskayaw.
Unknown command.
Press < or > to pray at altars.
Are you sure you want to abandon this character and quit the game? (Confirm with "yes".)

#≈≈.......≈≈≈......≈≈≈....≈......
##≈≈.......≈≈≈......≈≈≈........≈≈
##≈≈.......≈≈≈≈......≈≈≈........
##≈≈.._....≈≈≈≈≈≈........<.....
##≈≈..........≈≈≈≈≈≈.........≈≈≈
##≈≈.......≈......≈≈≈≈≈≈........≈
#≈≈.......≈≈................≈....
≈≈.......≈≈.............≈≈≈≈≈....
≈.......≈≈≈≈≈≈..@..≈≈≈≈≈≈≈≈≈.....
.......≈≈≈≈≈≈≈≈≈≈≈≈≈≈≈≈≈≈≈......≈
...............................≈≈
................_.....≈≈≈.....≈≈≈
.......................≈≈≈...≈≈≈.
≈≈≈≈≈≈≈≈≈≈≈≈≈≈≈≈≈≈......≈≈≈.≈≈≈..
#################≈≈......≈≈≈≈≈...
##≈≈......≈≈≈....
##≈≈......≈.....


There were no monsters in sight!

Vanquished Creatures
  A steam dragon (D:6)
  A sky beast (D:6)
  An ice beast (D:5)
  2 black bears
  An ogre (D:6)
  An orc warrior (D:6)
  A centaur (D:7)
  2 bullfrogs (D:6)
  A gnoll sergeant (D:7)
  A scorpion (D:6)
  3 wights (D:7)
  2 bombardier beetles
  A howler monkey (D:7)
  2 orc priests
  A hound (D:6)
  A jelly (D:7)
  5 orc wizards
  A sleepcap (D:6)
  7 iguanas
  2 adders
  6 gnolls
  5 shadow imps
  4 ufetubi
  4 ribbon worms
  4 dart slugs
  21 orcs
  4 bats
  3 endoplasms (D:1)
  A giant cockroach (D:3)
  3 hobgoblins
  3 quokkas
  6 ball pythons
  6 frilled lizards (D:1)
  13 goblins
  2 kobolds
  5 rats
127 creatures vanquished.

Vanquished Creatures (others)
  A quokka (D:6)
1 creature vanquished.

Grand Total: 128 creatures vanquished

Notes
Turn   | Place    | Note
-------+----------+-------------------------------------------
     0 | D:1      | Ofeo the Draconian Brigand began the quest for the Orb.
     0 | D:1      | Reached XP level 1. HP: 17/17 MP: 1/1
    30 | D:1      | Reached skill level 1 in Dodging
   259 | D:1      | Reached XP level 2. HP: 25/25 MP: 2/2
   741 | D:2      | Reached XP level 3. HP: 13/30 MP: 3/3
  1222 | D:2      | Found a glowing silver altar of Zin.
  1938 | D:2      | Reached skill level 4 in Stealth
  2024 | D:3      | Reached XP level 4. HP: 24/37 MP: 4/4
  2089 | D:3      | Reached skill level 1 in Long Blades
  2321 | D:3      | Found an iron altar of Okawaru.
  2321 | D:3      | Found a sparkling altar of Nemelex Xobeh.
  2599 | D:3      | Identified a scroll of acquirement
  2599 | D:3      | Acquired a manual of Stealth
  2841 | D:4      | Noticed a black bear
  2850 | D:4      | Killed a black bear
  2851 | D:4      | Reached XP level 5. HP: 12/45 MP: 5/5
  3440 | D:4      | Reached XP level 6. HP: 52/52 MP: 6/6
  3572 | D:4      | Reached skill level 5 in Stealth
  3760 | D:4      | Identified the +1 tower shield of Panentheism {Int+4}
  4080 | D:5      | Entered Level 5 of the Dungeon
  4139 | D:5      | Noticed an ice beast
  4157 | D:5      | Killed an ice beast
  4297 | D:5      | Your scales start taking on a fiery red colour.
  4297 | D:5      | Reached XP level 7. HP: 39/59 MP: 7/7
  4297 | D:5      | Gained mutation: Your flesh is heat resistant. (rF+) [Red
                  | Draconian growth]
  4418 | D:5      | Found a glowing silver altar of Zin.
  4889 | D:6      | Found a white marble altar of Elyvilon.
  5015 | D:6      | Found a burning altar of Makhleb.
  5062 | D:6      | Reached skill level 6 in Stealth
  5688 | D:6      | Reached skill level 5 in Fighting
  5688 | D:6      | Reached XP level 8. HP: 68/68 MP: 8/8
  5926 | D:6      | Reached skill level 7 in Stealth
  6507 | D:7      | Found Edeovag's Weapon Shoppe.
  6509 | D:7      | Found a shimmering altar of Xom.
  6541 | D:7      | Found a shimmering altar of Xom.
  6550 | D:7      | Found a shimmering altar of Xom.
  6557 | D:7      | Found a shimmering altar of Xom.
  6557 | D:7      | Found a shimmering altar of Xom.
  6559 | D:7      | Found a shimmering altar of Xom.
  7068 | D:7      | Found a staircase to the Ecumenical Temple.
  7095 | D:7      | Reached skill level 5 in Throwing
  7101 | D:7      | Reached skill level 8 in Stealth
  7107 | D:7      | Reached XP level 9. HP: 37/75 MP: 9/9
  7370 | D:7      | Found an ornate altar of the Wu Jian Council.
  7404 | Temple   | Entered the Ecumenical Temple
  7422 | Temple   | Quit the game

Illustrated notes

Levels and vault maps discovered:
D:1:      dpeg_arrival_rhombus, layout_loops_ring, minmay_lizard_pond
D:2:      layout_loops_corners, serial_glass, glass_columns_c, glass_columns_b,
          basic_altar, kennysheep_generic_room_12
D:3:      layout_basic, gammafunk_temple_overflow_wave
D:4:      layout_loops_corners, serial_bayou_pond_d
D:5:      layout_loops_cross, zin_statuary
D:6:      layout_loops_corners, mainiacjoe_overflow_paths, elyvilon_altar_4,
          serial_demonic, serial_demonic_f, serial_demonic_d, serial_demonic_e,
          serial_demonic_g
D:7:      layout_gridville, pdpol_wu_jian_five_deadly_venoms, xom_shifter_show,
          minmay_temple_entry_enclosed_plants, serial_shops, shop
Temple:   hc_temple_tempest_star

Skill      XL: |  1  2  3  4  5  6  7  8 |
---------------+-------------------------+-----
Dodging        | 1 2 3 4 |  4.7
Throwing       | 2 3 4 5 |  5.0
Stealth        | 4 5 6 8 |  8.0
Fighting       | 3 4 5 6 |  6.1
Long Blades    | 1 2 3 4 |  4.8
Short Blades   | |  2.3

Action                     |  1- 3 |  4- 6 |  7- 9 || total
---------------------------+-------+-------+-------++-------
  Melee: Dagger            |    67 |       |       ||    67
         Tailslap          |    14 |     4 |     8 ||    26
         Punch             |     1 |     1 |     1 ||     3
         Falchion          |    47 |    30 |       ||    77
         Scimitar          |       |    27 |    83 ||   110
   Fire: Sling             |       |    68 |   119 ||   187
  Throw: Dart              |       |     2 |       ||     2
Ability: Breathe Fire      |       |       |     7 ||     7
    Use: Scroll            |     2 |     5 |     7 ||    14
   Stab: Sleeping          |     9 |     4 |     2 ||    15
         Distracted        |       |     1 |       ||     1
 Armour: Skin              |    75 |    69 |   104 ||   248
  Dodge: Dodged            |    73 |    63 |   104 ||   240
  Block: Other             |       |    23 |    41 ||    64
         Reflection        |       |     2 |     1 ||     3

Table legend: (Time is in decaauts)
 A = Elapsed time spent in this place.
 B = Non-inter-level travel time spent in this place.
 C = Inter-level travel time spent in this place.
 D = Time resting spent in this place.
 E = Time spent auto-exploring this place.
 F = Levels seen in this place.
 G = Mean time per level.
                   A        B        C        D        E       F      G
               +--------+--------+--------+--------+--------+-----+--------+
         Total |   7527 |   7190 |    337 |    534 |   5489 |   8 |  940.9 |
       Dungeon |   7511 |   7186 |    325 |    534 |   5489 |   7 | 1073.0 |
        Temple |     16 |      5 |     11 |      0 |      0 |   1 |   16.0 |
               +--------+--------+--------+--------+--------+-----+--------+

Top non-repeatable levels by time:
     D:6: 1482 daAuts
     D:2: 1289 daAuts
     D:4: 1267 daAuts
     D:7: 1077 daAuts
     D:3: 878 daAuts
     D:5: 842 daAuts
     D:1: 674 daAuts
  Temple: 16 daAuts
